 Dungeon Crawl Stone Soup version 0.31-a0-848-gaac375c287 (webtiles) character file.

Game seed: 8741767399756008373

113 TheGamechu the Shield-Bearer (level 4, 0/44 HPs)
             Began as a Troll Fighter on Oct 5, 2023.
             Splashed by a jelly's acid (8 damage)
             ... in a sewer.
             The game lasted 00:05:16 (1287 turns).

TheGamechu the Shield-Bearer (Troll Fighter)        Turns: 1287, Time: 00:05:17

Health: 0/44       AC:  4    Str: 24    XL:     4   Next: 65%
Magic:  3/3        EV:  9    Int:  4    God:
Gold:   44         SH:  8    Dex: 11    Spells: 3/3 levels left

rFire   . .          .
                       - Unarmed
rCold   . . .        b - +0 kite shield
rNeg    . . .        a - +0 robe
rPois   .            (helmet restricted)
rElec   .            (no cloak)
rCorr   .            (gloves unavailable)
SInv    .            (boots unavailable)
Will    .....        (no amulet)
Stlth   +            (no ring)
HPRegen 1.07/turn    (no ring)
MPRegen 0.08/turn

%: no passive effects
@: no status effects
A: large, unfitting armour, claws 3, regeneration 1, shaggy fur 1, tough skin 1
a: no special abilities


You were in a sewer.
You visited 1 branch of the dungeon, and saw 3 of its levels.
You also visited: Sewer.

You collected 44 gold pieces.

Inventory:

Missiles
 e - a throwing net
 h - 19 stones
Armour
 a - a +0 robe (worn)
 b - a +0 kite shield (worn)
Scrolls
 f - 3 scrolls of identify {unknown}
 g - 3 scrolls of enchant armour {unknown}
 i - a scroll of fog {unknown}
 k - a scroll of poison {unknown}
Potions
 c - a potion of might
 d - a potion of curing {unknown}
 j - a potion of invisibility {unknown}


   Skills:
 - Level 2.4 Fighting
 - Level 2.4 Dodging
 - Level 4.0 Shields
 + Level 3.7 Unarmed Combat


You had 3 spell levels left.
You didn't know any spells.
Your spell library contained the following spells:

 Spells                   Type           Power      Damage    Failure   Level
 Kiss of Death            Conj/Necr      0%         2d5       77%         1


Dungeon Overview and Level Annotations

Branches:
Dungeon (3/15)              Sewer (1/1)

Altars:
Kikubaaqudgha


Innate Abilities, Weirdness & Mutations

You are too large for most types of armour.
You have claws for hands.
Your natural rate of healing is unusually fast.
You are covered in fur. (AC +1)
You have tough skin. (AC +1)


Message History

A giant cockroach comes into view.
Found a gate leading back out of this place.
A giant cockroach is nearby! 2 jellies come into view.
The jelly quivers. x2
You claw the giant cockroach!
You kill the giant cockroach!
You enter the shallow water.
Found 3 silvery potions and a glowing inky potion.
Found a shimmering altar of Xom.
You barely miss the jelly. You block the jelly's attack. The jelly hits you.
You are splashed with acid!
You barely miss the jelly. The jelly hits you. The acid corrodes you!
You are splashed with acid!
You block the jelly's attack.
You claw the jelly!
Your claws burn!
The jelly is heavily wounded.
The jelly hits you.
You are splashed with acid.
* * * LOW HITPOINT WARNING * * *
The jelly hits you.
* * * LOW HITPOINT WARNING * * *
You are splashed with acid.
* * * LOW HITPOINT WARNING * * *
The jelly misses you.
You enter the shallow water.
The jelly attacks as it pursues you! The jelly hits you.
* * * LOW HITPOINT WARNING * * *
You are splashed with acid!
* * * LOW HITPOINT WARNING * * *
A ball python comes into view.
The jelly attacks as it pursues you! You block the jelly's attack.
The ball python hisses angrily.
You enter the shallow water.
The jelly attacks as it pursues you! You block the jelly's attack.
You enter the shallow water.
You are no longer corroded.
The jelly attacks as it pursues you! The jelly hits you but does no damage.
The jelly attacks as it pursues you! The jelly hits you.
* * * LOW HITPOINT WARNING * * *
You are splashed with acid!
You die...

#~.#...#~...~###..########
#~~.~.##..~~~.##..#
..~##~..##~~.##~~##..#
#~~..~..#~~.##..~##.~########
##.~~.~~~†~##.~~###..~.....~.
###...~.J.##.~## #~.~~~.~~.~
###...~..#### ###########
#..~.~~J.## # #.~.###.S@.# #
#.~.## ##~~.## ## #.~#
##~~.### ###. #~~
#~~~†.#########.~. ##
##~~...~.~~....~..
####.~....~....##
#############


You could see 2 jellies and a ball python.

Vanquished Creatures
  An orc wizard (D:3)
  An adder (Sewer)
  2 river rats (D:3)
  2 dart slugs
  2 orcs (D:3)
  A bat (D:3)
  10 endoplasms
  7 giant cockroaches
  4 goblins
  A hobgoblin (D:3)
  2 jackals (D:3)
  2 quokkas
  4 ball pythons (D:1)
  3 frilled lizards
  2 kobolds
  9 rats
53 creatures vanquished.

Notes
Turn   | Place    | Note
-------+----------+-------------------------------------------
     0 | D:1      | TheGamechu the Troll Fighter began the quest for the Orb.
     0 | D:1      | Reached XP level 1. HP: 22/22 MP: 0/0
   107 | D:1      | Reached skill level 3 in Shields
   107 | D:1      | Reached XP level 2. HP: 29/29 MP: 1/1
   244 | D:1      | Found a faded altar of an unknown god.
   258 | D:1      | Got a humming book
   811 | D:3      | Found an ancient bone altar of Kikubaaqudgha.
   870 | D:3      | Reached XP level 3. HP: 36/36 MP: 2/2
  1121 | D:3      | Reached XP level 4. HP: 44/44 MP: 3/3
  1135 | D:3      | Found a glowing drain.
  1142 | Sewer    | Entered a sewer
  1231 | Sewer    | Reached skill level 4 in Shields
  1269 | Sewer    | Found a shimmering altar of Xom.
  1279 | Sewer    | HP: 2/44 [acid (7)]
  1287 | Sewer    | Splashed by a jelly's acid

Illustrated notes

Levels and vault maps discovered:
D:1:      eino_arrival_druids_welcome, layout_loops_ring,
          shapermc_ecumenical_altar_rom_forum, serial_park_tiny_pond
D:2:      minmay_diamond_boxcup, layout_basic, basic_altar, serial_forest,
          infiniplex_forest_clump_small, infiniplex_forest_clump_curved,
          infiniplex_forest_lined_4_way, infiniplex_forest_lined_1,
          infiniplex_forest_clump_curved, infiniplex_forest_lined_corner,
          minmay_mini_jars
D:3:      layout_loops_ring, nicolae_overflow_hidden_temple,
          gup_sewer_entry_spiral
Sewer:    sewer_hellmonk_slimy_pipes

Skill      XL: |  1  2  3  4 |
---------------+-------------+-----
Shields        | 3 4 |  4.0
Unarmed Combat | 3 |  3.7
Fighting       | |  2.4
Dodging        | |  2.4

Action                     |  1- 3 |  4- 6 || total
---------------------------+-------+-------++-------
  Melee: Unarmed           |    92 |    47 ||   139
   Stab: Sleeping          |     1 |     2 ||     3
 Armour: Robe              |    31 |    26 ||    57
  Dodge: Dodged            |    18 |    12 ||    30
  Block: Kite shield       |    35 |    19 ||    54

Table legend: (Time is in decaauts)
 A = Elapsed time spent in this place.
 B = Non-inter-level travel time spent in this place.
 C = Inter-level travel time spent in this place.
 D = Time resting spent in this place.
 E = Time spent auto-exploring this place.
 F = Levels seen in this place.
 G = Mean time per level.
                   A        B        C        D        E       F      G
               +--------+--------+--------+--------+--------+-----+--------+
         Total |   1296 |   1238 |     58 |      0 |    605 |   4 |  324.0 |
       Dungeon |   1148 |   1090 |     58 |      0 |    553 |   3 |  382.7 |
         Sewer |    147 |    147 |      0 |      0 |     52 |   1 |  147.0 |
               +--------+--------+--------+--------+--------+-----+--------+

Top non-repeatable levels by time:
     D:1: 586 daAuts
     D:3: 426 daAuts
   Sewer: 147 daAuts
     D:2: 135 daAuts
